Replay - TheZergLord v XIX - Torres Crepusculares

Build Order

Get SALT Encoding   

  12  0:01  Drone  
  13  0:12  Overlord  
  13  0:17  Drone  
  14  0:32  Drone x2  
  14  0:35  Drone  
  17  0:53  Hatchery  
  17  0:56  Drone  
  17  1:09  Spawning Pool  
  16  1:11  Drone  
  16  1:15  Extractor  
  16  1:17  Drone  
  17  1:20  Drone  
  18  1:28  Drone  
  19  1:39  Overlord  
  19  1:56  Drone, Queen  
  19  2:01  Zergling x2  
  23  2:04  Queen  
  23  2:05  Zergling x2  
  26  2:12  Drone  
  27  2:17  Metabolic Boost  
  27  2:22  Overlord  
  27  2:25  Drone  
  27  2:27  Drone  
  29  2:40  Hatchery  
  29  2:43  Drone  
  29  2:48  Drone x2  
  31  2:56  Queen  
  33  3:00  Overlord  
  33  3:03  Drone  
  33  3:04  Drone  
  35  3:13  Drone  
  35  3:18  Drone x3  
  39  3:20  Overlord  
  39  3:23  Drone x3  
  42  3:30  Drone  
  43  3:38  Drone  
  44  3:43  Drone, Queen  
  44  3:44  Queen  
  48  3:53  Queen  
  50  3:57  Overlord x2  
  50  4:00  Zergling x4  
  50  4:01  Zergling x4  
  54  4:03  Spine Crawler  
  53  4:17  Overlord  
  53  4:19  Spore Crawler  
  53  4:21  Drone, Spore Crawler  
  52  4:26  Drone x7  
  52  4:27  Drone x3  
  62  4:37  Lair  
  62  4:39  Drone x2, Spore Crawler  
  63  4:49  Zergling x4  
  63  4:50  Zergling x2  
  63  4:51  Overlord  
  63  4:52  Drone x2  
  68  5:13  Zergling x2  
  68  5:14  Zergling x8  
  60  5:29  Queen  
  60  5:32  Drone x4  
  60  5:33  Drone x3  
  69  5:37  Drone  
  69  5:38  Drone x3  
  69  5:41  Drone  
  74  5:45  Spire, Extractor  
  74  5:46  Extractor  
  74  5:47  Drone x2  
  74  5:49  Evolution Chamber  
  72  5:50  Overseer, Extractor  
  71  5:58  Drone x2  
  71  5:59  Drone  
  71  6:02  Extractor  
  71  6:03  Hatchery  
  72  6:04  Overlord  
  69  6:23  Drone x2  
  69  6:24  Drone x6  
  77  6:29  Extractor  
  77  6:30  Drone x3  
  77  6:31  Zerg Ground Armor Level 1  
  79  6:36  Drone  
  80  6:43  Drone  
  80  6:45  Baneling Nest, Overlord  
  80  6:49  Hatchery  
  79  6:59  Mutalisk  
  81  7:04  Overlord x3, Mutalisk x2  
  81  7:05  Mutalisk  
  81  7:07  Mutalisk  
  89  7:16  Zergling x2  
  89  7:17  Zergling x12  
  89  7:21  Overlord x3  
  96  7:23  Queen  
  96  7:28  Centrifical Hooks  
  98  7:30  Zergling x4  
  98  7:31  Zergling x6  
  98  7:35  Drone  
  98  7:36  Drone  
  105  7:37  Evolution Chamber  
  105  7:40  Mutalisk x4  
  105  7:43  Zergling x2  
  105  7:44  Zergling x10  
  116  7:46  Baneling  
  116  7:47  Baneling x2  
  116  7:49  Overlord  
  116  7:50  Zergling x4  
  114  8:13  Zergling x2  
  114  8:14  Zergling x28  
  114  8:19  Pneumatized Carapace  
  129  8:24  Zerg Melee Weapons Level 1  
  129  8:26  Zerg Ground Armor Level 2  
  129  8:29  Zergling x2  
  129  8:30  Zergling x10  
  129  8:34  Baneling x8  
  134  8:35  Baneling x7  
  134  8:36  Baneling  
  134  8:38  Zergling x8  
  134  8:40  Queen  
  140  8:46  Zergling x10  
  135  9:06  Corruptor x5  
  133  9:10  Drone x12  
  145  9:18  Baneling x6  
  145  9:19  Baneling x2  
  145  9:21  Drone  
  145  9:22  Drone x7  
  153  9:32  Extractor  
  153  9:35  Extractor  
  141  9:46  Corruptor x4  
  141  9:50  Zergling x2  
  141  9:51  Zergling x12  
  146  9:54  Hatchery  
Spawning Tool Build Advisor. Get it on Overwolf

Go to:

Details

  • Created by: B_amf@yahoo.com
  • Published on: May 09, 2016
  • Modified on: May 09, 2016
  • Patch: Pre-3.8.0
Show
View Real Time Build Order
Export as new Build Order

Comments (0)

There are no comments. Be the first!

Create an account to comment!